| 12 | 0:00 | Drone | |
| 13 | 0:12 | Overlord | |
| 13 | 0:17 | Drone | |
| 14 | 0:27 | Extractor, Drone | |
| 15 | 0:34 | Drone | |
| 16 | 0:37 | Drone | |
| 17 | 0:46 | Spawning Pool | |
| 16 | 1:08 | Hatchery | |
| 15 | 1:11 | Drone x2 | |
| 17 | 1:33 | Queen | |
| 17 | 1:34 | Zergling x4 | |
| 17 | 1:35 | Zergling x2 | |
| 22 | 1:45 | Overlord | |
| 22 | 1:52 | Roach Warren | |
| 21 | 2:00 | Drone | |
| 22 | 2:09 | Queen | |
| 22 | 2:15 | Extractor | |
| 23 | 2:17 | Drone | |
| 23 | 2:18 | Extractor | |
| 23 | 2:31 | Queen | |
| 25 | 2:44 | Drone | |
| 25 | 2:45 | Drone x4 | |
| 29 | 2:55 | Drone | |
| 29 | 2:56 | Drone x2 | |
| 31 | 3:07 | Drone x4 | |
| 34 | 3:28 | Drone | |
| 34 | 3:29 | Overlord x2 | |
| 34 | 3:30 | Overlord | |
| 35 | 3:44 | Spine Crawler | |
| 34 | 3:51 | Spine Crawler | |
| 33 | 4:03 | Drone | |
| 33 | 4:04 | Drone x6 | |
| 33 | 4:05 | Drone | |
| 41 | 4:10 | Lair | |
| 41 | 4:12 | Overlord x2, Baneling Nest | |
| 40 | 4:19 | Drone x2 | |
| 42 | 4:34 | Spine Crawler | |
| 41 | 4:58 | Hatchery | |
| 40 | 5:29 | Evolution Chamber | |
| 39 | 5:36 | Hydralisk Den | |
| 39 | 5:42 | Drone x4 | |
| 42 | 5:44 | Extractor | |
| 42 | 5:46 | Extractor | |
| 40 | 5:55 | Centrifugal Hooks | |
| 40 | 5:58 | Glial Reconstitution, Zerg Ground Armor Level 1 | |
| 40 | 6:06 | Zergling x2 | |
| 40 | 6:07 | Zergling x30 | |
| 56 | 6:12 | Queen | |
| 58 | 6:21 | Grooved Spines | |
| 58 | 6:39 | Spine Crawler | |
| 57 | 6:42 | Spore Crawler | |
| 57 | 6:45 | Spine Crawler | |
| 49 | 6:55 | Zergling x6, Roach x2 | |
| 49 | 6:56 | Zergling x6, Roach x3 | |
| 58 | 7:16 | Roach x3 | |
| 58 | 7:19 | Baneling x6 | |
| 58 | 7:20 | Baneling | |
| 58 | 7:22 | Queen | |
| 66 | 7:24 | Hydralisk x2 | |
| 66 | 7:26 | Roach | |
| 73 | 7:30 | Drone x5 | |
| 77 | 7:51 | Hydralisk | |
| 77 | 7:52 | Roach | |
| 77 | 7:54 | Overlord x3 | |
| 77 | 7:55 | Overlord | |
| 81 | 8:19 | Drone | |
| 82 | 8:20 | Drone x7 | |
| 88 | 8:44 | Spore Crawler | |
| 88 | 8:47 | Spore Crawler | |
| 86 | 8:53 | Drone | |
| 86 | 8:54 | Drone x5 | |
| 86 | 8:55 | Drone x2 | |
| 94 | 9:07 | Overseer | |
| 94 | 9:10 | Hatchery | |
| 94 | 9:13 | Hydralisk, Zergling x6, Roach | |
| 94 | 9:14 | Roach | |
| 94 | 9:16 | Baneling x6 | |
| 94 | 9:17 | Baneling x2 | |
| 102 | 9:18 | Overlord x3 | |
| 102 | 9:37 | Drone x2 | |
| 102 | 9:38 | Drone x2 | |
| 106 | 9:41 | Extractor | |
| 106 | 9:42 | Extractor | |
| 104 | 9:51 | Overseer | |
| 104 | 9:53 | Drone | |
| 104 | 9:54 | Drone x2 | |
| 104 | 9:59 | Queen | |
| 109 | 10:14 | Hydralisk | |
| 109 | 10:15 | Hydralisk, Zergling x2, Roach | |
| 109 | 10:16 | Hydralisk, Zergling x2, Roach | |
| 109 | 10:17 | Zergling x2, Roach | |
| 109 | 10:20 | Baneling | |
| 124 | 10:21 | Baneling x4 | |
| 124 | 10:22 | Baneling x3 | |
| 124 | 10:23 | Baneling | |
| 124 | 10:24 | Spine Crawler, Overseer | |
| 124 | 10:26 | Overlord x2 | |
| 123 | 10:36 | Drone | |
| 123 | 10:37 | Drone | |
| 109 | 11:15 | Hydralisk | |
| 109 | 11:17 | Hydralisk x2 | |
| 109 | 11:18 | Hydralisk x2, Zergling x4 | |
| 117 | 11:19 | Hydralisk, Zergling x6 | |
| 78 | 12:12 | Hydralisk x2 | |
| 78 | 12:13 | Hydralisk, Zergling x4, Roach | |
| 78 | 12:14 | Hydralisk x2, Zergling x2, Roach | |
| 78 | 12:15 | Hydralisk x3, Zergling x6, Roach x3 | |
| 106 | 12:16 | Zergling x4, Roach x3 | |
| 118 | 12:45 | Drone x2 | |
| 118 | 12:46 | Drone x6 | |
| 118 | 12:47 | Nydus Network, Drone | |
| 120 | 13:10 | Hydralisk | |
| 120 | 13:11 | Hydralisk x2, Zergling x4, Roach x2 | |
| 120 | 13:12 | Zergling x4, Roach | |
| 135 | 13:19 | Overseer | |
| 135 | 13:31 | Overlord x3 | |
| 135 | 13:32 | Overlord x2 | |
| 135 | 13:55 | Nydus Canal | |
| 135 | 14:05 | Roach | |
| 137 | 14:29 | Nydus Canal | |
| 137 | 14:35 | Hydralisk | |
| 137 | 14:36 | Hydralisk x3, Zergling x4, Roach | |
| 137 | 14:37 | Zergling x4, Roach x3 | |
| 157 | 14:48 | Spire | |
| 157 | 14:51 | Zerg Ground Armor Level 2 | |
| 156 | 15:21 | Baneling | |
| 156 | 15:22 | Hatchery, Baneling x25 | |
| 156 | 15:23 | Baneling | |
| 156 | 15:24 | Overlord x4 | |
| 156 | 15:25 | Overlord | |
| 156 | 15:26 | Hydralisk x2, Zergling x2, Roach | |
| 156 | 15:27 | Zergling x2, Roach x2 | |
| 167 | 15:38 | Hatchery | |
| 124 | 15:55 | Hydralisk x2 | |
| 124 | 15:56 | Zergling x4, Roach | |
| 98 | 16:02 | Hydralisk | |
| 98 | 16:03 | Hydralisk x3, Zergling x6, Roach x3 | |
| 98 | 16:04 | Zergling x2, Roach x2 | |
| 109 | 16:22 | Mutalisk | |
| 109 | 16:23 | Mutalisk x4 | |
| 119 | 16:32 | Queen x2 | |
| 121 | 16:38 | Drone | |
| 121 | 16:39 | Drone x2 | |
| 125 | 17:13 | Mutalisk | |
| 125 | 17:14 | Mutalisk x5 | |
| 136 | 17:20 | Drone x2 | |
| 136 | 17:21 | Drone x4 | |
| 136 | 17:22 | Drone x2 | |
| 144 | 17:39 | Drone x6 | |
| 144 | 17:40 | Hydralisk, Drone | |
| 144 | 17:41 | Hydralisk, Zergling x4, Roach x2 | |
| 144 | 17:44 | Overseer x2 | |
| 153 | 18:23 | Corruptor | |
| 153 | 18:24 | Corruptor x3 | |
| 153 | 18:25 | Mutalisk x3, Roach x2 | |
| 167 | 18:29 | Hydralisk | |
| 167 | 18:30 | Zergling x2, Roach | |
| 167 | 18:31 | Zergling x2, Roach | |
| 175 | 18:59 | Mutalisk x3, Zergling x2 | |
| 175 | 19:00 | Corruptor | |
| 175 | 19:01 | Zergling x2 | |
| 175 | 19:02 | Zergling x24 | |
| 197 | 19:25 | Mutalisk | |
| 199 | 19:57 | Spore Crawler x2 | |
| 199 | 19:59 | Spore Crawler x2 | |
| 195 | 20:00 | Spore Crawler | |
| 195 | 20:01 | Spore Crawler | |
| 160 | 20:31 | Hydralisk | |
| 160 | 20:32 | Hydralisk x2, Zergling x4, Roach x2 | |
| 160 | 20:33 | Zergling x2, Roach | |
| 150 | 20:42 | Hydralisk | |
| 147 | 20:43 | Hydralisk x2, Zergling x4, Roach | |
| 147 | 20:44 | Zergling x14, Roach x2 | |
| 147 | 20:45 | Zergling x16 | |
| 174 | 20:56 | Roach | |
| 176 | 20:57 | Roach x5 | |
| 180 | 21:15 | Hydralisk | |
| 180 | 21:16 | Hydralisk x7 | |
| 164 | 21:37 | Corruptor | |
| 164 | 21:38 | Corruptor | |
| 162 | 22:14 | Hatchery | |
| 162 | 22:15 | Extractor | |
| 160 | 22:17 | Extractor | |
| 160 | 22:18 | Extractor | |
| 160 | 22:19 | Extractor | |
| 136 | 22:40 | Hydralisk | |
| 136 | 22:41 | Hydralisk x3, Zergling x6, Roach | |
| 136 | 22:42 | Hydralisk x2, Zergling x6, Roach x3 | |
| 136 | 22:43 | Zergling x2, Roach | |
| 163 | 22:46 | Hatchery | |
| 163 | 22:49 | Hatchery | |
| 155 | 22:57 | Hydralisk x2, Zergling x2 | |
| 155 | 22:58 | Zergling x2, Roach x2 | |
| 162 | 23:24 | Zergling x2 | |
| 162 | 23:25 | Zergling x22 | |
| 174 | 23:31 | Extractor | |
| 173 | 23:36 | Extractor | |
| 173 | 23:37 | Drone | |
| 173 | 23:38 | Drone | |
| 174 | 23:46 | Hydralisk x6 | |
| 174 | 23:47 | Corruptor x4 | |
| 174 | 23:48 | Corruptor | |
| 194 | 23:50 | Roach | |
| 198 | 24:00 | Extractor | |
| 197 | 24:03 | Corruptor, Extractor | |
| 198 | 24:32 | Unknown | |
| 198 | 24:33 | Baneling x2 | |
| 198 | 24:34 | Baneling x17 | |
| 198 | 24:35 | Baneling x5 | |
| 100 | 25:18 | Hydralisk x3, Zergling x2, Roach | |
| 100 | 25:19 | Hydralisk x3, Zergling x6, Roach x3 | |
| 100 | 25:20 | Hydralisk, Zergling x8, Roach x4 | |
| 100 | 25:21 | Roach | |
| 88 | 25:57 | Corruptor x4 | |
| 88 | 25:58 | Corruptor x5 | |
| 88 | 25:59 | Corruptor x2 | |
| 88 | 26:00 | Mutalisk x2 | |
| 88 | 26:03 | Corruptor | |
| 97 | 26:15 | Corruptor | |
| 97 | 26:16 | Corruptor | |
| 99 | 26:24 | Corruptor | |
| 99 | 26:25 | Corruptor | |
| 93 | 26:44 | Corruptor x3 | |
| 93 | 26:58 | Corruptor x3 | |
| 99 | 27:11 | Queen | |
| 99 | 27:12 | Queen x4 | |
| 99 | 27:13 | Queen | |
| 111 | 27:18 | Hydralisk x3, Zergling x2, Roach x3 | |
| 111 | 27:19 | Hydralisk, Zergling x6, Roach x3 | |
| 111 | 27:20 | Roach | |
| 109 | 28:28 | Hydralisk | |
| 109 | 28:29 | Hydralisk x4, Zergling x6, Roach x2 | |
| 109 | 28:30 | Hydralisk, Zergling x6, Roach x3 | |
| 109 | 28:31 | Roach | |
| 139 | 28:58 | Hydralisk x2, Zergling x2, Roach | |
| 139 | 28:59 | Hydralisk, Zergling x6, Roach x3 | |
| 139 | 29:00 | Roach | |
| 139 | 29:01 | Overlord | |
| 139 | 29:02 | Overlord x4 | |
| 159 | 29:28 | Drone x3 | |
| 159 | 29:29 | Hydralisk | |
| 159 | 29:30 | Hydralisk x4, Roach | |
| 159 | 29:31 | Hydralisk x4 | |
| 174 | 29:32 | Hydralisk x4, Zergling x4, Roach | |
| 174 | 29:33 | Hydralisk, Roach | |
| 174 | 29:34 | Roach | |
| 102 | 30:24 | Hydralisk x2 | |
| 102 | 30:25 | Hydralisk x3, Zergling x6, Roach x2 | |
| 102 | 30:26 | Hydralisk, Zergling x6, Roach x4 | |
| 111 | 30:52 | Hydralisk x2 | |
| 111 | 30:53 | Hydralisk x3, Zergling x6, Roach x2 | |
| 111 | 30:54 | Zergling x2, Roach x2 | |
| 109 | 31:08 | Zergling x2 | |
| 109 | 31:09 | Zergling x24 | |
| 106 | 31:24 | Baneling x10 | |
| 106 | 31:25 | Baneling x5 | |
| 102 | 31:26 | Hydralisk x2 | |
| 102 | 31:27 | Zergling x2, Roach | |
| 75 | 31:42 | Corruptor | |
| 75 | 31:46 | Drone x2 | |
| 72 | 31:48 | Drone | |
| 53 | 32:27 | Hydralisk x3, Roach | |
| 53 | 32:28 | Roach x3 | |
| 67 | 33:01 | Corruptor x2, Roach x2 | |
| 67 | 33:02 | Roach | |
| 67 | 33:05 | Roach | |
| 58 | 33:46 | Zergling x14 | |
| 58 | 33:47 | Zergling x2 | |
| 35 | 34:31 | Spawning Pool | |